Map: Pillars of Gold LE

Players

Jonathas

  • Race: Zerg Zerg
  • League: Diamond
  • Spawn Location: 1:00

woah - Winner!

  • Race: Terran Terran
  • League: Diamond
  • Spawn Location: 7:00

VOD

Have the link to the VOD?

Description

Time

  • Played on: July 11, 2020, 3:08 a.m.
  • Length: 16:31
Show
View Real Time Build Order
Export as new Build Order

Jonathas Zerg 

Build Orders: Pool First, Roach Nydus 

Get SALT Encoding   

  12  0:01  Drone  
  13  0:12  Overlord  
  13  0:18  Drone  
  14  0:33  Drone x2  
  16  0:41  Drone  
  17  0:47  Spawning Pool  
  17  0:49  Drone  
  17  1:10  Hatchery  
  16  1:13  Drone  
  16  1:16  Extractor  
  16  1:18  Drone  
  16  1:22  Drone  
  18  1:29  Drone  
  19  1:39  Overlord  
  19  1:47  Queen  
  19  1:51  Zergling x2  
  22  2:00  Zergling x2  
  23  2:14  Zergling x2  
  24  2:17  Metabolic Boost  
  24  2:23  Drone x2, Queen  
  27  2:33  Drone  
  28  2:39  Drone  
  29  2:48  Drone x2  
  31  2:53  Lair  
  31  2:54  Extractor  
  30  2:59  Queen  
  30  3:01  Drone x3  
  34  3:06  Drone x2  
  34  3:11  Overlord  
  36  3:21  Overlord  
  36  3:28  Roach Warren  
  36  3:29  Overlord  
  35  3:40  Drone x3  
  38  3:43  Evolution Chamber  
  38  3:44  Drone x2  
  38  3:45  Drone  
  38  3:46  Drone  
  41  3:53  Overlord  
  41  4:06  Nydus Network, Zergling x2  
  41  4:15  Roach x2  
  41  4:16  Roach x2  
  51  4:17  Roach  
  51  4:20  Roach  
  53  4:25  Roach  
  53  4:30  Overlord x2  
  55  4:36  Queen  
  57  4:41  Glial Reconstitution  
  57  4:46  Roach  
  57  4:50  Overlord  
  58  5:02  Queen  
  58  5:05  Nydus Canal  
  60  5:07  Extractor  
  60  5:11  Drone x2  
  60  5:12  Overlord, Queen  
  63  5:15  Overlord  
  63  5:22  Drone x3  
  63  5:27  Nydus Canal  
  63  5:28  Overseer  
  66  5:30  Overlord  
  66  5:34  Overlord  
  66  5:37  Overlord  
  66  5:43  Extractor  
  66  5:44  Pneumatized Carapace  
  65  5:50  Drone  
  65  5:51  Drone x3  
  69  5:57  Roach x2  
  69  6:03  Roach  
  69  6:04  Roach  
  77  6:10  Roach x2  
  80  6:14  Roach x2  
  84  6:19  Ravager  
  84  6:20  Drone x2  
  84  6:24  Queen  
  89  6:28  Overlord  
  90  6:32  Ravager  
  90  6:36  Overlord  
  90  6:37  Overlord  
  90  6:41  Overlord  
  90  6:58  Hatchery, Zerg Missile Weapons Level 1  
  90  6:59  Drone  
  90  7:05  Drone  
  90  7:06  Drone x2  
  93  7:11  Spire  
  93  7:13  Spore Crawler  
  91  7:16  Spore Crawler  
  90  7:26  Roach  
  90  7:27  Roach x2  
  90  7:28  Roach  
  90  7:34  Nydus Canal  
  90  7:35  Drone x2  
  92  7:43  Roach x3  
  98  7:50  Overlord x2  
  98  7:54  Overlord  
  98  8:01  Overlord  
  98  8:09  Drone x3  
  98  8:10  Drone x3  
  104  8:17  Drone x2  
  104  8:18  Drone  
  107  8:24  Extractor  
  107  8:26  Spore Crawler, Extractor  
  104  8:33  Nydus Canal  
  99  8:34  Drone  
  99  8:35  Drone x6  
  105  8:50  Nydus Canal  
  105  8:53  Drone x8  
  105  8:54  Drone  
  114  9:14  Overlord x2  
  114  9:17  Nydus Canal  
  114  9:27  Zerg Flyer Weapons Level 1  
  114  9:35  Hydralisk Den  
  115  9:38  Roach  
  115  9:39  Roach x7  
  115  9:41  Hatchery  
  115  9:42  Mutalisk  
  125  9:48  Spore Crawler  
  121  9:54  Overseer  
  121  9:55  Mutalisk x2  
  121  9:58  Overseer  
  125  10:07  Mutalisk x4  
  125  10:10  Drone  
  134  10:14  Drone, Nydus Canal  
  134  10:17  Overlord  
  134  10:20  Muscular Augments  
  135  10:26  Mutalisk x2  
  139  10:31  Mutalisk  
  139  10:32  Mutalisk  
  143  10:41  Mutalisk x3  
  133  10:58  Mutalisk  
  133  10:59  Mutalisk x4  
  133  11:03  Drone  
  119  11:04  Drone x3  
  119  11:06  Drone  
  119  11:08  Extractor  
  109  11:21  Drone x4, Spore Crawler  
  112  11:34  Roach x6  
  112  11:36  Grooved Spines  
  112  11:38  Evolution Chamber  
  123  11:41  Drone  
  123  11:42  Drone  
  121  11:52  Drone x6  
  121  11:54  Extractor  
  121  11:55  Drone, Extractor  
  121  11:56  Drone x2  
  120  12:11  Drone  
  120  12:12  Drone x10  
  131  12:17  Zerg Missile Weapons Level 2  
  131  12:27  Hatchery  
  130  12:34  Zerg Ground Armor Level 1  
  130  12:37  Roach  
  130  12:38  Roach x5  
  130  12:40  Infestation Pit  
  137  12:53  Spore Crawler  
  137  12:54  Drone x3  
  137  12:58  Drone x5  
  139  13:03  Extractor  
  138  13:05  Extractor  
  135  13:20  Drone  
  135  13:21  Drone x3  
  135  13:22  Hydralisk  
  135  13:23  Hydralisk x6  
  135  13:26  Hatchery  
  152  13:34  Drone x3  
  152  13:37  Drone x3  
  148  13:42  Roach x5  
  158  13:53  Roach  
  158  13:54  Roach x5  
  170  13:58  Hive  
  170  14:04  Drone, Spine Crawler  
  170  14:05  Spore Crawler  
  170  14:08  Spine Crawler  
  170  14:09  Roach x3  
  174  14:15  Hydralisk  
  174  14:16  Hydralisk x2  
  180  14:30  Roach  
  182  14:32  Overlord x5  
  182  14:40  Roach  
  166  14:47  Roach  
  166  14:48  Roach x10  
  176  14:56  Roach  
  176  14:59  Roach  
  166  15:02  Extractor  
  166  15:03  Extractor, Roach  
  166  15:04  Roach x3  
  166  15:05  Roach  
  170  15:09  Roach  
  167  15:15  Roach x3  
  167  15:18  Roach  
  167  15:19  Roach x2  
  169  15:21  Roach  
  169  15:30  Ravager x10  
  169  15:31  Ravager x7  
  169  15:35  Drone  
  187  15:38  Drone x3  
  187  15:42  Overseer  
  143  15:58  Overlord, Mutalisk  
  143  15:59  Hatchery, Roach  
  140  16:04  Roach  
  140  16:05  Roach x6  
Show
View Real Time Build Order
Export as new Build Order

woah Terran - Winner!

Build Orders: Reaper Expand, Mech 

Get SALT Encoding   

  12  0:01  SCV  
  13  0:13  SCV  
  14  0:18  Supply Depot  
  14  0:25  SCV  
  15  0:39  SCV  
  15  0:41  Barracks  
  16  0:44  Refinery  
  16  0:51  SCV  
  17  1:03  SCV  
  18  1:16  SCV  
  19  1:28  Reaper, Orbital Command  
  20  1:43  Command Center  
  20  1:54  SCV, Supply Depot  
  21  2:00  Barracks Reactor  
  21  2:06  SCV  
  22  2:18  SCV  
  22  2:21  Factory  
  23  2:30  SCV  
  24  2:37  Marine x2  
  24  2:42  SCV  
  27  2:48  Command Center  
  27  2:54  SCV  
  27  2:57  Orbital Command  
  28  3:06  SCV  
  28  3:11  Starport  
  29  3:15  Hellion  
  29  3:18  Hellion  
  33  3:21  SCV  
  33  3:26  SCV  
  35  3:33  SCV, Supply Depot  
  36  3:38  SCV  
  37  3:45  SCV  
  38  3:50  SCV  
  38  3:51  Starport Tech Lab, Refinery  
  39  3:56  Refinery  
  39  3:57  SCV, Supply Depot  
  39  3:58  Hellion x2  
  39  4:02  Orbital Command  
  44  4:03  SCV  
  44  4:09  SCV  
  46  4:11  Refinery  
  46  4:16  SCV  
  47  4:21  SCV  
  47  4:23  Raven  
  50  4:28  SCV x2, Supply Depot  
  52  4:34  SCV  
  52  4:35  Armory  
  57  4:38  Hellion x2  
  57  4:40  SCV x2  
  59  4:46  SCV  
  59  4:48  Barracks Tech Lab  
  59  4:49  Factory  
  59  4:52  SCV x2  
  62  4:55  Supply Depot  
  62  4:58  SCV, Factory  
  63  5:04  SCV x2  
  65  5:17  Banshee  
  68  5:25  SCV  
  69  5:29  Hellion x2  
  69  5:30  SCV x2  
  69  5:33  Bunker  
  75  5:38  SCV  
  75  5:42  SCV x2, Terran Vehicle And Ship Armor Level 1  
  78  5:43  Supply Depot  
  78  5:44  Siege Tank, Supply Depot  
  78  5:45  Factory Tech Lab  
  78  5:48  Barracks Tech Lab  
  81  5:50  SCV  
  81  5:54  Hellion x2  
  81  5:55  Supply Depot  
  85  6:06  Banshee  
  85  6:07  Siege Tank  
  85  6:10  SCV  
  91  6:15  SCV x2  
  91  6:16  Siege Tank  
  95  6:22  SCV  
  96  6:26  Concussive Shells  
  96  6:27  SCV x2, Marauder  
  100  6:33  Hellion x2  
  100  6:34  SCV  
  100  6:39  SCV x2, Siege Tank  
  110  6:46  SCV  
  111  6:49  Banshee  
  111  6:51  Marauder  
  116  6:54  SCV  
  117  7:05  Supply Depot  
  117  7:06  SCV  
  117  7:07  Supply Depot  
  118  7:08  Supply Depot  
  118  7:18  Siege Tank x2  
  120  7:29  Hellion x2  
  116  7:32  SCV x2  
  118  7:37  Refinery  
  118  7:43  Refinery  
  118  7:45  Banshee  
  118  7:49  Hellion x7  
  127  7:59  Thor, Supply Depot  
  127  8:01  Thor  
  133  8:26  Command Center, Supply Depot  
  133  8:28  Viking  
  133  8:29  Engineering Bay  
  121  8:42  Thor  
  121  8:46  Terran Vehicle And Ship Armor Level 2  
  129  9:03  Supply Depot  
  129  9:06  Orbital Command  
  129  9:13  Cloaking Field  
  129  9:19  Missile Turret  
  129  9:20  Armory, Refinery  
  129  9:22  SCV  
  128  9:26  SCV  
  128  9:30  Refinery  
  129  9:36  Supply Depot  
  129  9:40  Banshee  
  132  9:50  Thor  
  138  9:54  Orbital Command  
  138  9:59  Missile Turret, Supply Depot  
  138  10:08  SCV x3  
  141  10:20  Thor  
  151  10:21  Hellion x2  
  151  10:23  Banshee  
  154  10:30  Terran Vehicle Weapons Level 1  
  154  10:32  SCV, Hyperflight Rotors  
  154  10:34  Thor  
  161  10:36  Marauder, Sensor Tower  
  161  10:40  Factory  
  161  10:41  Factory  
  162  10:43  Factory  
  145  11:02  Missile Turret  
  145  11:03  Thor  
  140  11:04  Missile Turret  
  140  11:09  Missile Turret  
  140  11:12  Banshee  
  140  11:14  SCV  
  140  11:15  SCV x3  
  140  11:16  Missile Turret  
  147  11:21  Command Center  
  147  11:27  SCV x3, Siege Tank  
  147  11:29  Factory Tech Lab x2  
  147  11:30  Factory Tech Lab  
  152  11:46  Siege Tank  
  152  11:52  Thor x2  
  164  11:55  Thor  
  166  12:09  Thor  
  166  12:10  SCV  
  173  12:18  Refinery  
  173  12:28  Terran Ship Weapons Level 1, Terran Vehicle And Ship Armor Level 3  
  173  12:40  Thor  
  173  12:54  Thor  
  164  13:05  Thor  
  170  13:15  Planetary Fortress  
  169  13:20  SCV x4, Missile Turret  
  169  13:26  Thor  
  176  13:28  Neosteel Armor  
  176  13:36  Refinery  
  176  13:40  Missile Turret  
  176  13:41  Raven  
  176  13:46  Missile Turret  
  176  13:47  Sensor Tower  
  178  13:49  Smart Servos  
  178  13:52  Hellion  
  178  13:53  Hellion x5  
  190  14:03  Infernal Pre-Igniter  
  190  14:09  Hellion  
  192  14:14  Hellion x4  
  192  14:15  Command Center  
  188  14:49  Thor  
  188  14:50  Thor  
  186  15:07  Missile Turret  
  186  15:09  Missile Turret  
  186  15:13  Command Center  
  186  15:21  Thor, Command Center  
  175  15:23  Thor  
  175  15:25  Thor  
  175  15:27  Hellion x2, Banshee  
Tags
 
Add a new tag
Caveats
  • Supply blocks, unpowered buildings, or Contaminate may cause inaccurate times.
  • Supply counts are checked every 10 seconds.